| TOP OF THE 1ST |
|
Staten Island Yankees batting - Pitching for Connecticut Tigers : LHP Pete Zamarron
|
|
Pitching: LHP Pete Zamarron
|
|
|
Batting: RHB Norimoto Miyanishi
|
0-0: Called Strike 0-1: Ball 1-1: Ball 2-1: Called Strike 2-2: Strikes out swinging
|
|
Batting: LHB Dario Segura
|
0-0: Foul Ball, location: 2F 0-1: Ball 1-1: Reached on error, E3 (Groundball, 3L, EV 100.6 MPH)
|
|
Batting: RHB Pat Pemberton
|
0-0: Swinging Strike 0-1: Foul Ball, location: 2F 0-2: Foul Ball, location: 2F 0-2: Ball 1-2: Foul Ball, location: 2F 1-2: Fielders Choice at 2nd, 4-6 (Groundball, 34S, EV 85.6 MPH)
|
|
Batting: SHB Tadaaki Kondo
|
0-0: Called Strike 0-1: 2-RUN HOME RUN (Flyball, 7D, EV 100.0 MPH), Distance : 405 ft
|
|
Batting: LHB Mike Schermerhorn
|
0-0: Foul Ball, location: 2F 0-1: Ball 1-1: Ball 2-1: Fly out, F6 (Line Drive, 6D, EV 73.8 MPH)
|
| Top of the 1st over - 2 runs, 1 hit, 1 error, 0 left on base; Staten Island 2 - Connecticut 0 |
| BOTTOM OF THE 1ST |
|
Connecticut Tigers batting - Pitching for Staten Island Yankees : LHP Dustin Shaw
|
|
Pitching: LHP Dustin Shaw
|
|
|
Batting: RHB Janne Vihko
|
0-0: Ball 1-0: Ground out 3-1 (Groundball, 34, EV 108.1 MPH)
|
|
Batting: RHB Jaden Warrior
|
0-0: Foul Ball, location: 2F 0-1: Swinging Strike 0-2: Ball 1-2: Foul Ball, location: 2F 1-2: Fly out, F8 (Flyball, 8RXD, EV 103.8 MPH)
|
|
Batting: LHB Nick Swank
|
0-0: Ball 1-0: Ball 2-0: SINGLE (Flyball, 7LS, EV 89.4 MPH)
|
|
Batting: RHB Zack DiCicco
|
0-0: Swinging Strike 0-1: Called Strike 0-2: Fielders Choice at 2nd, 5-4 (Groundball, 56, EV 106.2 MPH)
|
| Bottom of the 1st over - 0 runs, 1 hit, 0 errors, 1 left on base; Staten Island 2 - Connecticut 0 |
| TOP OF THE 2ND |
|
Staten Island Yankees batting - Pitching for Connecticut Tigers : LHP Pete Zamarron
|
|
Batting: RHB Edite Leoni
|
0-0: Called Strike 0-1: SINGLE (Groundball, 25, EV 67.5 MPH) (infield hit)
|
|
Batting: SHB Adam Slade
|
0-0: Ball 1-0: Foul Ball, location: 2F 1-1: Ball 2-1: Ball 3-1: Called Strike 3-2: Base on Balls Edite Leoni to second
|
|
Batting: RHB Jesus Ruiz
|
0-0: Called Strike 0-1: Swinging Strike 0-2: Ball 1-2: Foul Ball, location: 2F 1-2: Strikes out swinging
|
|
Batting: LHB Danny de Leon
|
0-0: Called Strike 0-1: Foul Ball, location: 2F 0-2: Foul Ball, location: 2F 0-2: Foul Ball, location: 2F 0-2: Ball 1-2: SINGLE (Flyball, 6D, EV 88.1 MPH) Edite Leoni to third Adam Slade to second
|
|
Batting: RHB Norimoto Miyanishi
|
0-0: DOUBLE (Line Drive, 5D, EV 94.4 MPH) Edite Leoni scores Adam Slade scores Danny de Leon to third Runner from 3rd tries for Home, SAFE, no throw by LF
|
|
Batting: LHB Dario Segura
|
0-0: Ball Norimoto Miyanishi steals 3rd base 1-0: Ball 2-0: Ground out 4-3 (Groundball, 4, EV 82.5 MPH) Norimoto Miyanishi scores
|
|
Batting: RHB Pat Pemberton
|
0-0: Ball 1-0: Foul Ball, location: 2F 1-1: Called Strike 1-2: Strikes out swinging
|
| Top of the 2nd over - 4 runs, 3 hits, 0 errors, 0 left on base; Staten Island 6 - Connecticut 0 |
| BOTTOM OF THE 2ND |
|
Connecticut Tigers batting - Pitching for Staten Island Yankees : LHP Dustin Shaw
|
|
Batting: RHB Jeremiah Washington
|
0-0: Ball 1-0: Ground out 2-3 (Groundball, 2R, EV 65.0 MPH)
|
|
Batting: LHB Antonio Luis
|
0-0: Ball 1-0: Ground out 1-3 (Groundball, 13, EV 65.0 MPH)
|
|
Batting: RHB Tony Nunez
|
0-0: Ground out 5-3 (Groundball, 56S, EV 68.1 MPH)
|
| Bottom of the 2nd over - 0 runs, 0 hits, 0 errors, 0 left on base; Staten Island 6 - Connecticut 0 |
| TOP OF THE 3RD |
|
Staten Island Yankees batting - Pitching for Connecticut Tigers : LHP Pete Zamarron
|
|
Batting: SHB Tadaaki Kondo
|
0-0: Ball 1-0: Ground out 6-3 (Groundball, 6, EV 85.6 MPH)
|
|
Batting: LHB Mike Schermerhorn
|
0-0: Ball 1-0: Ball 2-0: SINGLE (Groundball, 56D, EV 109.4 MPH)
|
|
Batting: RHB Edite Leoni
|
0-0: Called Strike 0-1: Called Strike 0-2: Fielders Choice at 2nd, 6-4 (Groundball, 6S, EV 93.1 MPH)
|
|
Batting: SHB Adam Slade
|
0-0: Ball 1-0: Called Strike 1-1: Swinging Strike 1-2: Strikes out swinging
|
| Top of the 3rd over - 0 runs, 1 hit, 0 errors, 1 left on base; Staten Island 6 - Connecticut 0 |
| BOTTOM OF THE 3RD |
|
Connecticut Tigers batting - Pitching for Staten Island Yankees : LHP Dustin Shaw
|
|
Batting: RHB Jordan Hall
|
0-0: Ball 1-0: Ball 2-0: Fly out, F8 (Line Drive, 8RM, EV 90.6 MPH)
|
|
Batting: SHB Ian Arlotta
|
0-0: Called Strike 0-1: Ball 1-1: Ball 2-1: Foul Ball, location: 2F 2-2: Foul Ball, location: 2F 2-2: Ball 3-2: TRIPLE (Groundball, 3L, EV 103.1 MPH)
|
|
Batting: RHB Janne Vihko
|
0-0: Ground out 4-3 (Groundball, 4S, EV 66.9 MPH) Ian Arlotta scores
|
|
Batting: RHB Jaden Warrior
|
0-0: Ground out 6-3 (Groundball, 6, EV 84.4 MPH)
|
| Bottom of the 3rd over - 1 run, 1 hit, 0 errors, 0 left on base; Staten Island 6 - Connecticut 1 |
| TOP OF THE 4TH |
|
Staten Island Yankees batting - Pitching for Connecticut Tigers : LHP Pete Zamarron
|
|
Batting: RHB Jesus Ruiz
|
0-0: Ball 1-0: Foul Ball, location: 2F 1-1: Ground out U3 (Groundball, 13, EV 92.5 MPH)
|
|
Batting: LHB Danny de Leon
|
0-0: Ball 1-0: Swinging Strike 1-1: Ball 2-1: Called Strike 2-2: Ball 3-2: Base on Balls
|
|
Batting: RHB Norimoto Miyanishi
|
0-0: Foul Ball, location: 2F 0-1: Called Strike 0-2: Foul Ball, location: 2F 0-2: Foul Ball, location: 2F 0-2: Ball 1-2: Foul Ball, location: 2F 1-2: Foul Ball, location: 2F 1-2: Strikes out swinging
|
|
Batting: LHB Dario Segura
|
0-0: Called Strike 0-1: Called Strike 0-2: Fielders Choice at 2nd, U6 (Groundball, 4, EV 79.4 MPH)
|
| Top of the 4th over - 0 runs, 0 hits, 0 errors, 1 left on base; Staten Island 6 - Connecticut 1 |
| BOTTOM OF THE 4TH |
|
Connecticut Tigers batting - Pitching for Staten Island Yankees : LHP Dustin Shaw
|
|
Batting: LHB Nick Swank
|
0-0: Ball 1-0: Ball 2-0: Fly out, F2 (Popup, 2LF, EV 97.5 MPH)
|
|
Batting: RHB Zack DiCicco
|
0-0: Foul Ball, location: 2F 0-1: Foul Ball, location: 2F 0-2: Ball 1-2: Ground out 6-3 (Groundball, 56, EV 94.4 MPH)
|
|
Batting: RHB Jeremiah Washington
|
0-0: Ball 1-0: Foul Ball, location: 2F 1-1: Ground out 6-3 (Groundball, 6, EV 86.2 MPH)
|
| Bottom of the 4th over - 0 runs, 0 hits, 0 errors, 0 left on base; Staten Island 6 - Connecticut 1 |
| TOP OF THE 5TH |
|
Staten Island Yankees batting - Pitching for Connecticut Tigers : LHP Pete Zamarron
|
|
Pitching: RHP Andy Strange
|
|
|
Batting: RHB Pat Pemberton
|
0-0: Ball 1-0: Ball 2-0: Swinging Strike 2-1: Ball 3-1: Base on Balls
|
|
Batting: SHB Tadaaki Kondo
|
0-0: Ball 1-0: Swinging Strike 1-1: Ball 2-1: Foul Ball, location: 2F 2-2: Strikes out swinging
|
|
Batting: LHB Mike Schermerhorn
|
0-0: Ball 1-0: Foul Ball, location: 2F 1-1: Ball 2-1: Called Strike 2-2: Ball 3-2: Foul Ball, location: 2F 3-2: Base on Balls Pat Pemberton to second
|
|
Batting: RHB Edite Leoni
|
0-0: Swinging Strike 0-1: Foul Ball, location: 2F 0-2: Ball 1-2: Ball 2-2: Foul Ball, location: 2F 2-2: Ball 3-2: Foul Ball, location: 2F 3-2: Foul Ball, location: 2F 3-2: Grounds into double play, 5-4-3 (Groundball, 56, EV 88.1 MPH)
|
| Top of the 5th over - 0 runs, 0 hits, 0 errors, 1 left on base; Staten Island 6 - Connecticut 1 |
| BOTTOM OF THE 5TH |
|
Connecticut Tigers batting - Pitching for Staten Island Yankees : LHP Dustin Shaw
|
|
Batting: LHB Antonio Luis
|
0-0: Called Strike 0-1: Ball 1-1: Swinging Strike 1-2: Ball 2-2: Strikes out swinging
|
|
Batting: RHB Tony Nunez
|
0-0: Fly out, F7 (Flyball, 7LS, EV 72.5 MPH)
|
|
Batting: RHB Jordan Hall
|
0-0: Called Strike 0-1: Called Strike 0-2: Ball 1-2: Ball 2-2: Ball 3-2: Fly out, F9 (Flyball, 9LS, EV 83.8 MPH)
|
| Bottom of the 5th over - 0 runs, 0 hits, 0 errors, 0 left on base; Staten Island 6 - Connecticut 1 |
| TOP OF THE 6TH |
|
Staten Island Yankees batting - Pitching for Connecticut Tigers : RHP Andy Strange
|
|
Batting: SHB Adam Slade
|
0-0: Ball 1-0: Foul Ball, location: 2F 1-1: Ball 2-1: Ball 3-1: Foul Ball, location: 2F 3-2: Base on Balls
|
|
Batting: RHB Jesus Ruiz
|
0-0: Ball 1-0: Called Strike 1-1: Grounds into double play, 4-6-3 (Groundball, 4, EV 87.5 MPH)
|
|
Batting: LHB Danny de Leon
|
0-0: Ball 1-0: Called Strike 1-1: Swinging Strike 1-2: Ball 2-2: Ground out 5-3 (Groundball, 56, EV 98.8 MPH)
|
| Top of the 6th over - 0 runs, 0 hits, 0 errors, 0 left on base; Staten Island 6 - Connecticut 1 |
| BOTTOM OF THE 6TH |
|
Connecticut Tigers batting - Pitching for Staten Island Yankees : LHP Dustin Shaw
|
|
Batting: SHB Ian Arlotta
|
0-0: Ground out 5-3 (Groundball, 15, EV 91.2 MPH)
|
|
Batting: RHB Janne Vihko
|
0-0: Ball 1-0: Ball 2-0: Ground out 5-3 (Groundball, 5S, EV 81.2 MPH)
|
|
Batting: RHB Jaden Warrior
|
0-0: Ball 1-0: Ball 2-0: Foul Ball, location: 2F 2-1: Ball 3-1: Base on Balls
|
|
Batting: LHB Nick Swank
|
0-0: Called Strike 0-1: Ball 1-1: Foul Ball, location: 2F 1-2: Reached on error, E3 (Groundball, 3, EV 90.0 MPH) Jaden Warrior to second
|
|
Batting: RHB Zack DiCicco
|
0-0: Fly out, F9 (Flyball, 89M, EV 90.6 MPH)
|
| Bottom of the 6th over - 0 runs, 0 hits, 1 error, 2 left on base; Staten Island 6 - Connecticut 1 |
| TOP OF THE 7TH |
|
Staten Island Yankees batting - Pitching for Connecticut Tigers : RHP Andy Strange
|
|
Batting: RHB Norimoto Miyanishi
|
0-0: Ball 1-0: Foul Ball, location: 2F 1-1: Ball 2-1: Foul Ball, location: 2F 2-2: Ground out 2-3 (Groundball, 13S, EV 69.4 MPH)
|
|
Pitching: RHP Larry Mathieu
|
|
|
Batting: LHB Dario Segura
|
0-0: Called Strike 0-1: Ball 1-1: SINGLE (Groundball, 3D, EV 107.5 MPH)
|
|
Batting: RHB Pat Pemberton
|
0-0: Foul Ball, location: 2F 0-1: Ball 1-1: Ball 2-1: Called Strike 2-2: Ball 3-2: Strikes out swinging Dario Segura steals 2nd base Batter strikes out.
|
|
Batting: SHB Tadaaki Kondo
|
0-0: Called Strike 0-1: Foul Ball, location: 2F 0-2: Ball 1-2: Foul Ball, location: 2F 1-2: Ball 2-2: Ball 3-2: Base on Balls
|
|
Batting: LHB Mike Schermerhorn
|
0-0: Fly out, F2 (Popup, 25F, EV 85.0 MPH)
|
| Top of the 7th over - 0 runs, 1 hit, 0 errors, 2 left on base; Staten Island 6 - Connecticut 1 |
| BOTTOM OF THE 7TH |
|
Connecticut Tigers batting - Pitching for Staten Island Yankees : LHP Dustin Shaw
|
|
Batting: RHB Jeremiah Washington
|
0-0: Ball 1-0: Called Strike 1-1: Fly out, F9 (Line Drive, 9, EV 88.1 MPH)
|
|
Batting: LHB Antonio Luis
|
0-0: Swinging Strike 0-1: Ball 1-1: Swinging Strike 1-2: Foul Ball, location: 2F 1-2: Ball 2-2: Strikes out swinging, 2-3 out at first.
|
|
Batting: RHB Tony Nunez
|
0-0: Ball 1-0: Ground out 1-3 (Groundball, 13S, EV 69.4 MPH)
|
| Bottom of the 7th over - 0 runs, 0 hits, 0 errors, 0 left on base; Staten Island 6 - Connecticut 1 |
| TOP OF THE 8TH |
|
Staten Island Yankees batting - Pitching for Connecticut Tigers : RHP Larry Mathieu
|
|
Batting: RHB Edite Leoni
|
0-0: Ball 1-0: Called Strike 1-1: Swinging Strike 1-2: Ball 2-2: Ground out 3-1 (Groundball, 34, EV 86.2 MPH)
|
|
Batting: SHB Adam Slade
|
0-0: Foul Ball, location: 2F 0-1: Ball 1-1: Called Strike 1-2: Ball 2-2: Ball 3-2: Foul Ball, location: 2F 3-2: Foul Ball, location: 2F 3-2: Strikes out looking
|
|
Batting: RHB Jesus Ruiz
|
0-0: Called Strike 0-1: Ground out 6-3 (Groundball, 6, EV 100.6 MPH)
|
| Top of the 8th over - 0 runs, 0 hits, 0 errors, 0 left on base; Staten Island 6 - Connecticut 1 |
| BOTTOM OF THE 8TH |
|
Connecticut Tigers batting - Pitching for Staten Island Yankees : LHP Dustin Shaw
|
|
Batting: RHB Jordan Hall
|
0-0: Ball 1-0: Ball 2-0: Ball 3-0: Called Strike 3-1: Base on Balls
|
|
Pitching: LHP Colin Scott
|
|
|
Batting: SHB Ian Arlotta
|
0-0: Ball 1-0: Ball 2-0: Called Strike 2-1: Fly out, F6 (Line Drive, 6, EV 65.6 MPH)
|
|
Batting: RHB Janne Vihko
|
0-0: Swinging Strike 0-1: Ball 1-1: Foul Ball, location: 2F 1-2: Strikes out swinging
|
|
Batting: RHB Jaden Warrior
|
0-0: Ball 1-0: SINGLE (Line Drive, 4MD, EV 95.0 MPH) Jordan Hall to second
|
|
Batting: LHB Nick Swank
|
0-0: Foul Ball, location: 2F 0-1: Foul Ball, location: 2F 0-2: Strikes out swinging
|
| Bottom of the 8th over - 0 runs, 1 hit, 0 errors, 2 left on base; Staten Island 6 - Connecticut 1 |
| TOP OF THE 9TH |
|
Staten Island Yankees batting - Pitching for Connecticut Tigers : RHP Larry Mathieu
|
|
Batting: LHB Danny de Leon
|
0-0: Ball 1-0: Foul Ball, location: 2F 1-1: Called Strike 1-2: Fly out, F8 (Flyball, 8RD, EV 88.8 MPH)
|
|
Pitching: RHP Ramiro Silva
|
|
|
Batting: RHB Norimoto Miyanishi
|
0-0: Ball 1-0: Foul Ball, location: 2F 1-1: Ball 2-1: Ground out 6-3 (Groundball, 6, EV 84.4 MPH)
|
|
Batting: LHB Dario Segura
|
0-0: Swinging Strike 0-1: Foul Ball, location: 2F 0-2: Foul Ball, location: 2F 0-2: Ball 1-2: Fly out, F8 (Flyball, 8LM, EV 76.2 MPH)
|
| Top of the 9th over - 0 runs, 0 hits, 0 errors, 0 left on base; Staten Island 6 - Connecticut 1 |
| BOTTOM OF THE 9TH |
|
Connecticut Tigers batting - Pitching for Staten Island Yankees : LHP Colin Scott
|
|
Batting: RHB Zack DiCicco
|
0-0: Ball 1-0: Ball 2-0: Called Strike 2-1: Ball 3-1: Base on Balls
|
|
Pitching: RHP Nick Peters
|
|
|
Batting: RHB Jeremiah Washington
|
0-0: Called Strike 0-1: Fly out, F8 (Flyball, 8RXD, EV 81.2 MPH)
|
|
Batting: LHB Antonio Luis
|
0-0: Called Strike 0-1: Fielders Choice at 2nd, 4-6 (Groundball, 34, EV 90.0 MPH)
|
|
Batting: RHB Tony Nunez
|
0-0: Ball 1-0: SINGLE (Groundball, 34D, EV 99.4 MPH) Antonio Luis to second
|
|
Batting: RHB Jordan Hall
|
0-0: Ball 1-0: Called Strike 1-1: Ball 2-1: Called Strike 2-2: Strikes out swinging
|
| Bottom of the 9th over - 0 runs, 1 hit, 0 errors, 2 left on base; Staten Island 6 - Connecticut 1 |
|